 Dungeon Crawl Stone Soup version 0.31-a0-963-ga325b2283a (webtiles) character file.

Game seed: 9647040580543438816

35 gelatine the Firebug (level 3, -3/25 HPs)
             Began as a Demonspawn Fire Elementalist on Oct 24, 2023.
             Slain by a kobold brigand
             ... wielding a +1 dagger of venom
              (7 damage)
             ... on level 3 of the Dungeon.
             The game lasted 00:06:13 (1976 turns).

gelatine the Firebug (Demonspawn Fire Elementalist) Turns: 1976, Time: 00:06:14

Health: -3/25      AC:  2    Str:  8    XL:     3   Next: 17%
Magic:  2/6        EV: 17    Int: 18    God:
Gold:   83         SH:  0    Dex: 16    Spells: 4/7 levels left

rFire   . . .        n - +5 short sword of Gihaj {flame, rCorr Dex+3}
rCold   . . .        (no shield)
rNeg    . . .        a - +0 robe
rPois   .            (no helmet)
rElec   .            (no cloak)
rCorr   +            (no gloves)
SInv    .            (no boots)
Will    .....        (no amulet)
Stlth   ++           q - +5 ring of evasion
HPRegen 0.24/turn    (no ring)
MPRegen 0.10/turn

%: no passive effects
@: weak-willed
A: hooves 1
a: no special abilities


You were on level 3 of the Dungeon.
You visited 1 branch of the dungeon, and saw 3 of its levels.

You collected 83 gold pieces.

Inventory:

Hand Weapons
 n - the +5 short sword of Gihaj (weapon) {flame, rCorr Dex+3}
   (You found it on level 2 of the Dungeon)

   Dex+3:     It affects your dexterity (+3).
   rCorr:     It protects you from acid and corrosion.
Armour
 a - a +0 robe (worn)
 c - a +0 pair of boots
Jewellery
 q - a +5 ring of evasion (left hand)
Potions
 b - a potion of magic
 d - a potion of might
 h - a potion of haste {unknown}
 i - a potion of brilliance {unknown}
 j - a potion of curing {unknown}
 m - 2 potions of heal wounds {unknown}


   Skills:
 * Level 0.4 Fighting
 * Level 2.0 Dodging
 + Level 1.8 Stealth
 * Level 2.5 Spellcasting
 * Level 1.6 Conjurations
 * Level 3.0 Fire Magic


You had 4 spell levels left.
You knew the following spells:

 Your Spells              Type           Power      Damage    Failure   Level
a - Foxfire               Conj/Fire      40%        2x1d6     7%          1
b - Scorch                Fire           26%        2d6       8%          2

Your spell library contained the following spells:

 Spells                   Type           Power      Damage    Failure   Level
 Blink                    Tloc           4%         N/A       26%         2
 Inner Flame              Hex/Fire       7%         N/A       28%         3
 Volatile Blastmotes      Fire/Tloc      14%        2d11      28%         3
 Summon Guardian Golem    Hex/Summ       2%         N/A       45%         3
 Flame Wave               Conj/Fire      10%        2d6       54%         4
 Manifold Assault         Tloc           2%         N/A       86%         4
 Vhi's Electric Charge    Tloc/Air       4%         N/A       86%         4
 Arcjolt                  Conj/Air       2%         1d12      98%         5
 Orb of Destruction       Conj           4%         9d5       100%        7
 Spellforged Servitor     Conj/Summ      2%         N/A       100%        7
 Maxwell's Capacitive Co  Air            1%         ∞         100%        8


Dungeon Overview and Level Annotations

Branches:
Dungeon (3/15)

Altars:

Shops:
D:2 [


Innate Abilities, Weirdness & Mutations

You have large cloven feet.


Message History

It is a scroll of identify.
d - a potion of might Your surroundings suddenly seem different.
A hobgoblin, 4 kobolds and 2 kobold brigands come into view.
A kobold brigand is wielding a +1 dagger of venom and quivering poisoned darts.
A kobold brigand is wielding a +0 club and quivering poisoned darts.
Found a ring mail and a scroll labelled UTETOL QARASUY.
The kobold shouts! x2; The hobgoblin shouts!
The kobold completely misses you.
The kobold shouts!
You hear a shout!
The kobold brigand shouts!
You conjure some foxfire!
The kobold shouts!
The kobold hits you with a +0 club.
You conjure some foxfire!
The foxfire hits the kobold but does no damage. x2
The kobold closely misses you.
A kobold comes into view. It is wielding a +0 club.
The foxfire hits the hobgoblin.
The hobgoblin is heavily wounded.
You conjure some foxfire!
The kobold closely misses you.
You closely miss the kobold. You kick the kobold, but do no damage.
The foxfire hits the kobold brigand but does no damage.
The foxfire hits the kobold but does no damage.
The foxfire hits the kobold brigand.
The kobold brigand is lightly wounded.
The kobold brigand throws a poisoned dart.
The poisoned dart barely misses you.
The poisoned dart closely misses the kobold.
The hobgoblin barely misses you.
You barely miss the hobgoblin. Your kick misses the hobgoblin.
The hobgoblin is heavily wounded.
The hobgoblin hits you with a +0 club. The kobold closely misses you.
The kobold hits you but does no damage.
You barely miss the hobgoblin.
The hobgoblin is heavily wounded.
The kobold brigand hits you with a +0 club!
The kobold hits you with a +0 dagger.
* * * LOW HITPOINT WARNING * * *
The kobold closely misses you.
The kobold brigand hits you with a +1 dagger of venom!
You die...

#####
###.KK######
#.K.K@KKK..#
[....###g......
?.. #≈ #####..
# ~≈ ~~~ #~~~
###. ..


You could see 2 kobold brigands, a hobgoblin and 5 kobolds.

Vanquished Creatures
  An adder (D:2)
  2 endoplasms
  5 goblins
  2 hobgoblins
  A quokka (D:1)
  5 ball pythons
  3 bats
  A frilled lizard (D:3)
  3 kobolds (D:2)
  4 rats
27 creatures vanquished.

Vanquished Creatures (others)
  98 foxfires
98 creatures vanquished.

Grand Total: 125 creatures vanquished

Notes
Turn   | Place    | Note
-------+----------+-------------------------------------------
     0 | D:1      | gelatine the Demonspawn Fire Elementalist began the quest
                  | for the Orb.
     0 | D:1      | Reached XP level 1. HP: 13/13 MP: 3/3
   723 | D:1      | Gained mutation: You have large cloven feet. [demonic
                  | ancestry]
   723 | D:1      | Reached XP level 2. HP: 19/19 MP: 0/5
   924 | D:2      | Found a faded altar of an unknown god.
   940 | D:2      | Identified the +5 short sword of Gihaj {flame, rCorr Dex+3}
  1100 | D:2      | Found Didghun's Armour Shoppe.
  1322 | D:2      | Reached skill level 3 in Fire Magic
  1482 | D:2      | Learned a level 2 spell: Scorch
  1763 | D:2      | Reached XP level 3. HP: 25/25 MP: 3/6
  1970 | D:3      | Noticed a kobold brigand
  1970 | D:3      | Noticed a kobold brigand
  1976 | D:3      | Slain by a kobold brigand

Illustrated notes

Levels and vault maps discovered:
D:1:      mushboom_english_gardens, layout_basic
D:2:      layout_loops_ring, serial_shops, shop,
          hellmonk_ecumenical_altar_crossroads, serial_bayou_pond_a
D:3:      cheibrodos_thug_alley, layout_basic, regret_index_temple_of_mockery,
          mainiacjoe_sewer_entry_somewhere_in_here_1

Skill      XL: |  1  2 |
---------------+-------+-----
Dodging        | 2 |  2.0
Fire Magic     | 3 |  3.0
Fighting       | |  0.4
Stealth        | |  1.8
Spellcasting   | |  2.5
Conjurations   | |  1.6

Action                     || total
---------------------------++-------
  Melee: Unarmed           ||     4
         Dagger            ||     1
         Short sword       ||     3
         Kick              ||     1
   Cast: Foxfire           ||    60
         Scorch            ||     4
    Use: Scroll            ||     7
 Armour: Robe              ||    12
  Dodge: Dodged            ||    11

Table legend: (Time is in decaauts)
 A = Elapsed time spent in this place.
 B = Non-inter-level travel time spent in this place.
 C = Inter-level travel time spent in this place.
 D = Time resting spent in this place.
 E = Time spent auto-exploring this place.
 F = Levels seen in this place.
 G = Mean time per level.
                   A        B        C        D        E       F      G
               +--------+--------+--------+--------+--------+-----+--------+
         Total |   1974 |   1904 |     70 |      0 |   1679 |   3 |  658.0 |
       Dungeon |   1974 |   1904 |     70 |      0 |   1679 |   3 |  658.0 |
               +--------+--------+--------+--------+--------+-----+--------+

Top non-repeatable levels by time:
     D:2: 1104 daAuts
     D:1: 849 daAuts
     D:3: 20 daAuts
